Map: Crête de Lerilak

Players

Plutonun

  • Race: Protoss Protoss

Shiva - Winner!

  • Race: Zerg Zerg

VOD

Have the link to the VOD?

Description

Time

  • Played on: Nov. 11, 2015, 10:37 a.m.
  • Length: 21:17
Show
View Real Time Build Order
Export as new Build Order

Plutonun Protoss 

Build Orders: Zealot Archon 

Get SALT Encoding   

  12  0:02  Probe (Chrono Boost)  
  13  0:12  Probe (Chrono Boost)  
  14  0:21  Pylon  
  14  0:23  Probe (Chrono Boost)  
  15  0:39  Probe (Chrono Boost)  
  15  0:40  Gateway  
  16  0:47  Assimilator  
  16  0:50  Probe (Chrono Boost)  
  16  0:52  Assimilator  
  17  1:00  Probe (Chrono Boost)  
  19  1:11  Probe (Chrono Boost)  
  19  1:22  Probe (Chrono Boost)  
  20  1:27  Cybernetics Core  
  20  1:32  Probe (Chrono Boost)  
  21  1:34  Pylon  
  21  1:43  Probe (Chrono Boost)  
  22  1:54  Probe (Chrono Boost)  
  23  2:05  Mothership Core (Chrono Boost)  
  25  2:16  Nexus  
  24  2:23  Stalker  
  24  2:29  Pylon  
  26  2:33  Probe (Chrono Boost)  
  26  2:35  Warp Gate  
  27  2:45  Pylon  
  27  2:49  Probe (Chrono Boost)  
  28  3:00  Probe (Chrono Boost)  
  28  3:01  Sentry  
  31  3:10  Probe (Chrono Boost)  
  32  3:15  Gateway  
  32  3:19  Forge  
  32  3:21  Probe (Chrono Boost)  
  33  3:30  Sentry  
  35  3:56  Protoss Ground Weapons Level 1  
  35  3:58  Photon Cannon  
  35  4:04  Probe x2 (Chrono Boost)  
  37  4:11  Photon Cannon  
  37  4:14  Probe (Chrono Boost), Gateway  
  37  4:15  Gateway, Probe (Chrono Boost)  
  39  4:25  Probe x2 (Chrono Boost)  
  41  4:32  Pylon  
  41  4:35  Probe (Chrono Boost), Assimilator  
  41  4:36  Probe (Chrono Boost)  
  43  4:39  Assimilator  
  43  4:44  Sentry x2  
  47  4:46  Probe x2 (Chrono Boost)  
  49  4:53  Twilight Council  
  49  4:56  Probe (Chrono Boost), Pylon  
  49  4:57  Probe (Chrono Boost)  
  52  5:07  Probe x2 (Chrono Boost)  
  53  5:17  Probe (Chrono Boost)  
  53  5:18  Probe (Chrono Boost), Photon Cannon  
  55  5:30  Pylon  
  55  5:32  Blink (Chrono Boost)  
  55  5:33  Pylon  
  55  5:35  Pylon  
  55  5:37  Probe, Gateway  
  55  5:38  Probe  
  55  5:39  Protoss Ground Armor Level 1  
  57  5:47  Templar Archives  
  57  5:49  Photon Cannon  
  57  5:51  Pylon  
  57  5:59  Probe x2  
  59  6:10  Robotics Facility  
  60  6:11  Probe x2  
  61  6:23  Stalker x2  
  61  6:24  Stalker x2  
  69  6:30  Probe  
  70  6:39  Gateway  
  70  6:40  Psionic Storm  
  70  6:41  Gateway  
  70  6:42  Probe  
  70  6:47  High Templar x2  
  73  6:48  High Templar  
  73  6:50  High Templar  
  73  6:53  Archon  
  79  6:54  Archon  
  79  7:06  Stalker  
  81  7:16  Gateway  
  81  7:18  Gateway x2  
  81  7:25  Probe  
  82  7:37  Probe  
  83  7:43  Nexus  
  83  7:45  Pylon  
  83  7:46  Pylon, Protoss Ground Weapons Level 2  
  83  7:48  Pylon, High Templar x2  
  83  7:49  High Templar  
  83  7:50  High Templar  
  91  7:53  Pylon  
  91  7:56  Warp Prism (Chrono Boost)  
  93  8:08  Zealot x3  
  99  8:14  Zealot x3  
  105  8:32  Observer (Chrono Boost)  
  106  8:35  Photon Cannon  
  106  8:37  Photon Cannon  
  106  8:40  Probe x2  
  108  8:42  Photon Cannon  
  108  8:45  High Templar x2, Photon Cannon  
  108  8:46  Zealot x2  
  108  8:47  Zealot  
  118  8:49  Archon  
  118  8:52  Probe x2  
  120  8:59  Warp Prism (Chrono Boost)  
  122  9:03  Probe  
  122  9:04  Probe  
  122  9:06  Probe  
  125  9:13  Probe  
  125  9:14  Assimilator  
  125  9:16  Probe  
  127  9:18  Probe  
  127  9:20  Assimilator  
  127  9:22  Photon Cannon  
  128  9:24  Photon Cannon  
  128  9:41  Nexus  
  128  9:42  Pylon  
  128  9:44  Protoss Ground Armor Level 2, Pylon  
  128  9:48  Pylon  
  128  9:52  Pylon  
  128  9:56  Charge (Chrono Boost)  
  128  10:02  Zealot x2  
  128  10:03  Zealot x2  
  128  10:05  High Templar x2  
  128  10:06  High Templar  
  128  10:07  High Templar  
  144  10:09  Archon  
  144  10:11  Archon  
  144  10:17  Photon Cannon  
  144  10:20  Photon Cannon  
  144  10:25  Photon Cannon  
  144  10:27  Photon Cannon  
  144  10:28  Gateway  
  144  10:29  Gateway  
  144  10:37  High Templar x2  
  144  10:39  Zealot x4  
  156  10:44  Archon  
  156  11:24  Stalker x3  
  156  11:25  Stalker x5  
  168  11:26  Stalker  
  154  11:44  Zealot  
  156  11:57  Zealot x3  
  156  11:58  Zealot x6  
  174  12:19  Pylon  
  162  12:24  Immortal (Chrono Boost), Assimilator  
  162  12:27  Pylon  
  162  12:28  Photon Cannon  
  162  12:29  Assimilator  
  158  12:46  Protoss Ground Weapons Level 3  
  158  12:48  High Templar  
  158  12:49  High Templar x2  
  158  12:50  High Templar  
  166  12:54  Zealot x4  
  166  12:55  Stalker x2  
  166  12:56  Stalker x2  
  182  13:05  Immortal (Chrono Boost)  
  145  13:26  Archon  
  77  13:38  Stalker x2  
  77  13:39  Stalker, Zealot x3  
  77  13:40  Zealot x4  
  77  13:41  Zealot x2  
  95  13:53  Immortal (Chrono Boost)  
  77  14:06  Mothership Core  
  77  14:08  Stalker x4  
  77  14:09  Stalker x5  
  95  14:11  Zealot x3  
  88  14:27  Immortal (Chrono Boost)  
  88  14:28  Robotics Bay  
  89  14:31  Zealot  
  89  14:32  Zealot x2  
  95  14:44  Stalker  
  89  14:45  Zealot  
  89  14:46  Zealot x3  
  89  14:47  Zealot  
  99  15:01  Observer (Chrono Boost)  
  100  15:19  Disruptor (Chrono Boost)  
  103  15:28  Robotics Facility  
  91  15:46  Stalker  
  91  15:47  Stalker x4  
  91  15:48  Stalker  
  91  15:49  Zealot x2  
  97  16:04  Disruptor (Chrono Boost)  
  97  16:31  Disruptor (Chrono Boost)  
  100  17:16  Observer (Chrono Boost)  
  100  17:19  Observer (Chrono Boost)  
  99  18:26  Nexus  
  99  18:59  Dark Shrine  
  99  19:16  Pylon  
  99  19:32  Assimilator  
  99  20:02  Probe  
  99  20:14  Dark Templar  
  99  20:15  Dark Templar  
  99  20:16  Zealot  
  99  20:17  Zealot x2  
  71  20:41  Zealot x3  
  71  20:42  Zealot x2  
  34  21:06  Zealot x4  
Show
View Real Time Build Order
Export as new Build Order

Shiva Zerg - Winner!

Build Orders: Pool First, Lurkers 

Get SALT Encoding   

  12  0:01  Drone  
  13  0:12  Overlord  
  13  0:17  Drone  
  14  0:36  Spawning Pool  
  14  0:37  Drone  
  14  0:41  Drone  
  15  0:45  Drone  
  16  0:51  Drone  
  17  1:11  Hatchery  
  16  1:22  Queen  
  16  1:24  Drone  
  19  1:28  Extractor  
  19  1:30  Drone  
  19  1:33  Drone  
  19  1:37  Drone  
  21  1:47  Overlord  
  21  1:57  Drone  
  21  1:58  Extractor  
  21  2:06  Roach Warren  
  20  2:09  Drone  
  20  2:14  Queen  
  23  2:24  Drone x2  
  25  2:30  Evolution Chamber, Drone  
  25  2:32  Drone  
  26  2:39  Drone  
  26  2:40  Drone  
  26  2:43  Drone  
  29  2:58  Overlord x2  
  29  3:01  Drone  
  30  3:24  Roach  
  30  3:25  Roach x5  
  42  3:29  Roach  
  42  3:33  Roach  
  46  3:37  Drone  
  46  3:38  Drone  
  48  3:58  Roach  
  48  4:00  Overlord  
  48  4:01  Overlord  
  50  4:15  Lair  
  50  4:18  Zerg Missile Weapons Level 1  
  50  4:28  Drone x2  
  50  4:29  Drone x8  
  60  4:34  Extractor  
  59  4:42  Pneumatized Carapace  
  59  4:47  Drone  
  59  4:49  Overlord  
  59  4:50  Overlord  
  60  5:08  Drone x4  
  60  5:13  Spore Crawler  
  63  5:16  Spore Crawler, Drone x2  
  65  5:21  Ravager x2  
  65  5:22  Ravager x2  
  68  5:31  Overseer  
  68  5:36  Overseer  
  68  5:46  Roach x3  
  74  6:06  Extractor  
  73  6:12  Zerg Ground Armor Level 1  
  73  6:16  Extractor  
  73  6:17  Hatchery, Zergling x10  
  76  6:20  Extractor  
  75  6:34  Metabolic Boost  
  75  6:40  Infestation Pit  
  75  6:42  Zergling x2  
  75  6:43  Zergling x2  
  75  6:46  Overlord x3  
  76  6:47  Overlord x4  
  76  7:05  Roach x4  
  76  7:06  Ravager x2  
  76  7:07  Ravager x2  
  88  7:25  Hive  
  88  7:36  Drone x3  
  91  7:38  Drone x2  
  91  7:39  Drone x2  
  91  7:40  Drone x3  
  91  7:41  Queen  
  91  7:44  Glial Reconstitution  
  100  7:55  Ravager  
  100  7:56  Ravager  
  103  7:58  Zergling x2  
  103  7:59  Zergling x12  
  109  8:06  Zerg Missile Weapons Level 2  
  109  8:08  Zergling x2  
  109  8:09  Zergling x4  
  112  8:15  Zergling x2  
  112  8:16  Zergling x14  
  120  8:33  Hydralisk Den  
  119  8:41  Ultralisk Cavern  
  118  8:43  Zergling x12  
  118  8:47  Ravager x2  
  118  8:48  Ravager x4  
  130  9:07  Adrenal Glands  
  130  9:19  Zergling x2, Muscular Augments  
  130  9:20  Zergling x14  
  138  9:25  Overlord x4  
  138  9:31  Chitinous Plating  
  138  9:43  Drone x6  
  144  9:55  Ultralisk  
  150  10:21  Zerg Ground Armor Level 2  
  146  10:30  Ultralisk  
  146  10:31  Ultralisk x2  
  162  10:46  Lurker Den  
  121  11:37  Hydralisk x2  
  121  11:38  Hydralisk x18  
  115  12:12  Lurker x4  
  115  12:13  Lurker x2  
  122  12:15  Lurker  
  122  12:37  Zerg Melee Weapons Level 1  
  122  12:45  Overseer x3  
  122  12:48  Hydralisk  
  122  12:49  Hydralisk x7  
  138  13:00  Hatchery  
  112  13:40  Hydralisk  
  112  13:41  Hydralisk x12  
  115  14:32  Zerg Missile Weapons Level 3  
  115  14:52  Queen  
  117  14:57  Overlord  
  117  15:05  Lurker  
  117  15:06  Lurker x6  
  124  15:07  Overseer x2  
  124  15:17  Lurker x2  
  126  15:37  Extractor  
  126  15:41  Extractor  
  115  16:04  Spire  
  115  16:10  Drone x3  
  117  16:11  Drone x3  
  117  16:14  Zergling x24  
  117  16:15  Zergling x8  
  117  16:17  Overseer  
  136  16:47  Hydralisk x2  
  136  16:48  Hydralisk x2  
  136  16:50  Overlord  
  136  16:51  Overlord x13  
  144  17:09  Zerg Ground Armor Level 3  
  144  17:10  Hydralisk  
  144  17:11  Hydralisk x16  
  178  17:40  Lurker  
  178  17:41  Lurker x3  
  178  17:45  Lurker  
  167  18:13  Greater Spire  
  167  18:20  Hatchery, Extractor  
  167  18:21  Extractor  
  164  18:37  Hydralisk x2  
  164  18:38  Hydralisk x10  
  188  18:41  Zergling x2  
  188  18:42  Zergling x22  
Tags
 
Add a new tag
Caveats
  • Supply blocks, unpowered buildings, or Contaminate may cause inaccurate times.
  • Supply counts are checked every 10 seconds.